Mandevil, chaotic male elven Ranger ---- --- - ---- ----- --..--.---.-- --- ---------.- |..|----.|.-- |...........| ---.-- |..--......| ----|..--.|.....| |*-.........---....| |..........-- |..--...........| |-.... ......|....-| --...---....| ----...........--.-- |...^..............---|... |....- |....^[...........| |.......--..... ....||.|.---......| |..........----.--- --......|---.........--.|......---.--- ---...--...||...| ---.|..-- ---..........|.......--..^. --.----.. -.-.| ----..| ---->...............*...... --- --.).....----- |..| .-.(...[......<..--....... |..)....f.--.-- ---- -.-.............-- -.--.*.. |-....d...[...| |..........).---- ------.-- --....a@.......| ---- ---.-....*..*..-- |...| |..........---%| --..| ----|...........)...| ---.----------------.|..---..-- |.| |...--#--..--.|.......[.....---- |..................|--- ---- |.| |-....--^.....|-......(........--- ---..--------------- |.--- |.........-.-----)....-..........--- ---- |...| --..........| --.....^...--[.|...| --..| ---.|.--.--- --.|.-----------.|.. ---- -------- ----- ----- Mandevil the Reconnoiterer Experience level: 10 Strength: 15 Dexterity: 14 Constitution: 16 Intelligence: 13 Wisdom: 14 Charisma: 7 Health: 0(58) Energy: 66(66) AC: 0 Gold: 283 Moves: 8997 Your Inventory: Coins $ - 283 gold pieces Weapons a - a blessed +4 elven dagger b - a blessed +1 elven bow (alternate weapon; not wielded) c - 6 uncursed +2 elven arrows d - 27 uncursed +0 elven arrows v - a blessed +0 elven bow (weapon in hand) w - an uncursed +1 elven dagger G - 6 [uncursed +0] arrows I - 21 uncursed +0 daggers (in quiver) L - a blessed [+2] dagger T - a blessed [+0] dagger W - 2 uncursed [+0] elven daggers Armor x - a blessed rotted +1 tattered cape [cloak of magic resistance] z - a blessed very rusty +2 iron skull cap [orcish helm] (being worn) E - an uncursed +2 elven cloak (being worn) H - an uncursed +0 pair of iron shoes (being worn) S - an uncursed +0 leather armor (being worn) Comestibles f - 4 uncursed lembas wafers P - an uncursed food ration Scrolls F - an [uncursed] scroll labeled LOREN IPSUM [of light] Spellbooks q - an [uncursed] wide spellbook [of dig] Potions s - an [uncursed] muddy potion [of gain energy] u - an [uncursed] ruby potion [of monster detection] Z - 2 [uncursed] fizzy potions [of object detection] Wands g - an uncursed wand called make invisible [of make invisible (0:5)] h - a cursed wand of light [0:12] j - an [uncursed] wand of digging [0:5] o - a blessed wand of fire [0:2] A - an uncursed wand of digging [0:6] Tools e - an uncursed [+0] pick-axe i - 4 [uncursed tallow] candles k - an uncursed key [skeleton key] t - an uncursed stethoscope y - an [uncursed +0] unicorn horn C - an uncursed expensive camera [0:96] D - an [uncursed] figurine of a snake R - an [uncursed] blindfold Gems n - 2 [uncursed] violet gems [worthless glass] B - an [uncursed] red gem [worthless glass] Spells known in the end: Name Level Category Fail Memory a - detect food 2 divination 92% [||||||..] Your skills at the end: Fighting Skills Weapon Skills dagger [Expert / Expert] bow [Skilled / Expert] Spellcasting Skills Final Attributes: You were piously aligned. Hunger level was 693. Your alignment was 54 / 54. Monster difficulty range was 1 - 10. Level difficulty was 11. You resisted fire. You resisted cold. You were immune to sleep. You resisted poison. You saw invisible. You had automatic searching. You had infravision. You were stealthy. Your luck was zero. You are dead. Vanquished creatures: a skeleton a ghost 2 wargs a small mimic a xan a gelatinous cube a flaming sphere a shocking sphere a tiger a dwarf king a tengu a stone giant 15 ettin zombies 2 leather golems a chameleon 2 giant beetles 4 wolves a winter wolf cub a lynx a mumak 2 giant spiders a scorpion an ice vortex 2 dwarf mummies 2 brown puddings 2 rust monsters 3 owlbears a yeti a jaguar a dwarf lord a gray unicorn a snake 2 apes a human zombie 2 soldier ants 4 fire ants a bugbear a wood nymph a water nymph a mountain nymph a rock piercer 4 enormous rats a fog cloud 3 shriekers a violet fungus 8 gnome lords 5 gnomish wizards a kobold mummy an elf zombie a straw golem a wax golem 4 giant ants 2 little dogs a floating eye 2 kittens 11 dwarves 5 kobold shamans 10 hill orcs 3 rothes 2 monkeys a dwarf zombie a werejackal 3 iguanas 5 killer bees an acid blob a coyote 4 hobbits a large kobold 2 hobgoblins a cave spider a brown mold 2 green molds a red mold 43 gnomes 11 garter snakes a gnome zombie a gecko 2 jackals a goblin 4 sewer rats 9 grid bugs 2 bats 3 lichens 2 newts 241 creatures vanquished. Voluntary challenges: You used a wielded weapon 214 times. You read items or engraved 20 times. You put on armor 20 times. You never genocided any monsters. You never polymorphed an object. You never changed form. You used no wishes. You wrote Elbereth's name 18 times. You encountered 1 bones level. You never used any Sokoban shortcuts. Dungeon overview: The Dungeons of Doom: levels 1 to 4 Level 1 a fountain a long staircase Level 2 a jewelry store, a fountain Level 3 a sink Level 4 some fountains stairs to The Gnomish Mines The Gnomish Mines: levels 5 to 11 Level 5 stairs to The Dungeons of Doom Level 8 many shops, a temple, a magic chest, some fountains Level 11 <- You were here History has recorded: On T:1 you entered the Dungeons of Doom to retrieve the Amulet of Yendor! On T:399 you reached level 2 of The Dungeons of Doom. On T:445 you advanced to experience level 2. On T:693 you advanced to experience level 3. On T:1076 you reached level 3 of The Dungeons of Doom. On T:1151 you advanced to experience level 4. On T:1445 you reached level 4 of The Dungeons of Doom. On T:1691 you advanced to experience level 5. On T:1694 you reached level 1 of The Gnomish Mines. On T:2012 you advanced to experience level 6. On T:2111 you reached level 2 of The Gnomish Mines. On T:2419 you reached level 4 of The Gnomish Mines. On T:2496 you advanced to experience level 7. On T:2754 you advanced to experience level 8. On T:4062 you reached level 5 of The Gnomish Mines. On T:4621 you advanced to experience level 9. On T:6166 you reached level 6 of The Gnomish Mines. On T:7301 you reached level 7 of The Gnomish Mines. On T:7335 you advanced to experience level 10. Latest messages: [2 turns] The soldier ant bites! The soldier ant stings! [HP-13=44] [2 turns] You begin bashing monsters with your elven bow. You hit the soldier ant. The soldier ant bites! The soldier ant stings! The soldier ant misses. The soldier ant stings! [HP-21=23] You hit the soldier ant. The soldier ant bites! The soldier ant stings! Benjamin bites the soldier ant. The soldier ant bites Benjamin. The soldier ant misses Benjamin. [HP-15=8] You miss the soldier ant. The soldier ant misses. The soldier ant stings! Benjamin misses the soldier ant. The soldier ant bites! You die... Final status: Goodbye Mandevil the Ranger... You died in The Gnomish Mines on dungeon level 11 with 755 points, and 283 pieces of gold, after 8997 moves. You were level 10 with a maximum of 58 hit points when you died.